 Dungeon Crawl Stone Soup version 0.28-a0-595-g9f6c0e134a (webtiles) character file.

Game seed: 1930712829125618496

2270 bande the Cleaver (level 9, -2/54 HPs)
             Began as a Gargoyle Fighter on Oct 4, 2021.
             Slain by a yak (3 damage)
             ... on level 6 of the Dungeon.
             The game lasted 00:09:40 (5223 turns).

bande the Cleaver (Gargoyle Fighter)                Turns: 5223, Time: 00:09:40

Health: -2/54      AC: 26    Str: 22    XL:     9   Next: 38%
Magic:  9/9        EV:  8    Int:  8    God:
Gold:   201        SH:  5    Dex: 17    Spells: 8/8 levels left

rFire   . . .      SeeInvis .   i - +4 broad axe (vorpal)
rCold   . . .      Faith    +   c - +0 buckler
rNeg    + . .      Spirit   .   g - +5 chain mail
rPois   ∞          Reflect  .   u - +0 helmet
rElec   +          Harm     .   (no cloak)
rCorr   .          Rampage  .   (no gloves)
Will    .....                   (no boots)
Stlth   ..........              n - amulet of faith
HPRegen 0.18/turn               f - +4 ring of protection
MPRegen 0.11/turn               l - +6 ring of dexterity

@: studying Axes
A: sickness immunity, AC +6, negative energy resistance 1, electricity
resistance, torment resistance 1, petrification resistance
a: no special abilities


You were on level 6 of the Dungeon.
You visited 1 branch of the dungeon, and saw 6 of its levels.

You collected 201 gold pieces.

Inventory:

Hand Weapons
 a - a +0 war axe
 i - a +4 vorpal broad axe (weapon)
 q - a +0 flail
 s - a +2 broad axe of distortion
Armour
 c - a +0 buckler (worn)
 g - a +5 chain mail (worn)
 u - a +0 helmet (worn)
Jewellery
 f - a +4 ring of protection (left hand)
 k - a ring of protection from cold
 l - a +6 ring of dexterity (right hand)
 n - an amulet of faith (around neck)
Wands
 h - a wand of flame (14)
 t - a wand of acid (6)
Scrolls
 e - 3 scrolls of enchant weapon
 j - a scroll of magic mapping
 p - 3 scrolls of silence
 v - a scroll of fog {unknown}
Potions
 b - a potion of cancellation {unknown}
 d - 3 potions of curing
 m - a potion of heal wounds {unknown}
 o - a potion of mutation {unknown}
 r - 2 potions of brilliance {unknown}
 w - 2 potions of magic {unknown}
 x - a potion of haste


   Skills:
 + Level 5.5 Fighting
 + Level 8.5 Axes
 + Level 6.0 Armour
 + Level 4.9 Shields
 * Level 4.5 Evocations


You had 8 spell levels left.
You didn't know any spells.
Your spell library contained the following spells:

 Spells                   Type           Power      Damage    Failure   Level
 Dazzling Flash           Conj/Hex       0%         N/A       100%        3
 Iskenderun's Mystic Bla  Conj/Tloc      0%         2d3       100%        4
 Starburst                Conj/Fire      0%         6d3       100%        6


Dungeon Overview and Level Annotations

Branches:
Dungeon (6/15)
 Temple: D:4-7

Altars:


Innate Abilities, Weirdness & Mutations

You are immune to sickness and miasma.
Your stone body is resilient. (AC +6)
You are immune to poison.
You resist negative energy. (rN+)
You are resistant to electric shocks. (rElec)
You are resistant to unholy torment.
You are immune to petrification.


Message History

The yak gores you. The yak gores you but does no damage.
The yak closely misses you.
The yak gores you but does no damage. x2
You hit the yak but do no damage.
The yak is heavily wounded.
You slash the yak! x4; The yak barely misses you.
You block the yak's attack.
The yak gores you but does no damage. x3; The yak gores you!
You are too injured to fight recklessly!
You are too injured to fight recklessly!
You are too injured to fight recklessly!
You are too injured to fight recklessly!
You are too injured to fight recklessly!
You barely miss the yak.
The yak is moderately wounded.
You hit the yak. x2; You slash the yak! You closely miss the yak.
A centaur skeleton comes into view.
The yak gores you but does no damage. You block the yak's attack.
The yak gores you but does no damage. x2; The yak gores you.
You block the yak's attack.
You hit the yak.
The yak is moderately wounded.
You barely miss the yak. You slash the yak!
You kill the yak!
You barely miss the yak. You slash the yak!
The yak gores you but does no damage. The yak barely misses you.
The yak completely misses you.
Your Axes skill increases to level 8!
Your Armour skill increases to level 6!
You slash the yak!
The yak is almost dead.
You slash the yak! You barely miss the yak. You slash the yak!
You kill the yak!
You closely miss the yak. The yak gores you!
* * * LOW HITPOINT WARNING * * *
The yak gores you but does no damage. The yak misses you. The yak gores you!
* * * LOW HITPOINT WARNING * * *
The yak closely misses you.
You slash the yak!
You kill the yak!
You hit the yak. You completely miss the yak. You hit the yak.
The yak gores you but does no damage. x3; The yak gores you.
You die...

.......... ..........
#.........
#........≈≈..#
##.......≈..≈.##
##≈..Z≈≈..≈..≈≈≈##
#≈≈Y†Y..≈..≈..≈≈≈#..
#≈≈Y@†..≈⌠.≈...≈≈#.#
#≈≈...≈.⌠≈..≈..≈≈#.##
#≈≈≈..≈..≈..≈..≈≈#..
##≈≈≈..≈..≈≈...≈##.##
##.≈..≈.......##...#
#..≈≈........##...#
##............#...##
#..................#
####..>..........<.#


You could see 3 yaks and a centaur skeleton.

Vanquished Creatures
  Sigmund (D:3)
  A vampire (D:5)
  3 yaks (D:6)
  Duvessa (D:5)
  Purgy (D:3)
  An ogre (D:4)
  3 necrophages
  4 centaurs (D:5)
  A phantom (D:5)
  5 scorpions
  Dowan (D:5)
  A bullfrog zombie (D:5)
  A hound (D:4)
  2 jellies
  A gnoll shaman (D:5)
  6 adders
  4 gnolls (D:5)
  A shadow imp (D:4)
  A worm (D:2)
  3 dart slugs
  6 orcs
  13 endoplasms
  19 giant cockroaches
  6 hobgoblins
  8 jackals
  4 quokkas
  4 ball pythons
  9 bats
  4 frilled lizards
  11 goblins
  8 kobolds
  7 rats
141 creatures vanquished.

Vanquished Creatures (others)
  2 plants (D:3)
2 creatures vanquished.

Grand Total: 143 creatures vanquished

Notes
Turn   | Place    | Note
-------+----------+-------------------------------------------
     0 | D:1      | bande the Gargoyle Fighter began the quest for the Orb.
     0 | D:1      | Reached XP level 1. HP: 14/14 MP: 1/1
   274 | D:1      | Reached XP level 2. HP: 16/19 MP: 2/2
   379 | D:1      | Reached skill level 2 in Axes
   595 | D:1      | Reached XP level 3. HP: 20/24 MP: 3/3
  1272 | D:2      | Reached skill level 3 in Axes
  1284 | D:2      | Reached XP level 4. HP: 29/29 MP: 4/4
  2334 | D:3      | Reached XP level 5. HP: 27/33 MP: 5/5
  2459 | D:3      | Noticed Purgy
  2469 | D:3      | Killed Purgy
  2470 | D:3      | Reached skill level 4 in Axes
  2470 | D:3      | Reached skill level 1 in Evocations
  2470 | D:3      | Reached XP level 6. HP: 11/38 MP: 6/6
  2540 | D:3      | Found a faded altar of an unknown god.
  2619 | D:3      | Noticed Sigmund
  2653 | D:3      | Killed Sigmund
  3174 | D:4      | Reached XP level 7. HP: 43/43 MP: 7/7
  3252 | D:4      | Identified a scroll of acquirement
  3252 | D:4      | Acquired a +4 vorpal broad axe
  3314 | D:4      | Reached skill level 5 in Axes
  3588 | D:4      | Reached skill level 5 in Armour
  3861 | D:4      | Reached XP level 8. HP: 45/48 MP: 8/8
  4093 | D:5      | Entered Level 5 of the Dungeon
  4168 | D:5      | Reached skill level 6 in Axes
  4627 | D:5      | Noticed a vampire
  4638 | D:5      | Killed a vampire
  4639 | D:5      | Reached skill level 5 in Fighting
  4817 | D:5      | Reached skill level 7 in Axes
  4819 | D:5      | Noticed Duvessa
  4819 | D:5      | Noticed Dowan
  4825 | D:5      | Killed Duvessa
  4833 | D:5      | Killed Dowan
  4912 | D:5      | Reached XP level 9. HP: 48/54 MP: 9/9
  5176 | D:6      | Acquired a +2 broad axe of distortion
  5222 | D:6      | Reached skill level 8 in Axes
  5222 | D:6      | HP: 1/54 [yak (12)]
  5223 | D:6      | Slain by a yak

Illustrated notes

Levels and vault maps discovered:
D:1:      lordsloth_arrival_two_stooges, layout_rooms, serial_curves,
          eino_curves_01, eino_curves_02
D:2:      minmay_roachtagon, layout_basic, minmay_between
D:3:      layout_rooms, portal_sewer_entry_d, shapermc_ecumenical_altar_ellora,
          minmay_misc_feat_tower, hex_medium, uniq_purgy, uniq_sigmund
D:4:      layout_basic
D:5:      layout_basic, minmay_manual_mares, uniq_duvessa
D:6:      cheibrodos_helix_gallery, layout_gridville,
          nicolae_qazlal_style_of_elements, temple_hall

Skill      XL: |  1  2  3  4  5  6  7  8  9 |
---------------+----------------------------+-----
Axes           | 2 3 4 5 7 8 |  8.5
Fighting       | 4 5 |  5.5
Armour         | 4 5 6 |  6.0
Evocations     | 1 2 3 4 |  4.5
Shields        | 4 |  4.9

Action                   |  1- 3 |  4- 6 |  7- 9 || total
-------------------------+-------+-------+-------++-------
Melee: War axe           |   110 |   178 |     6 ||   294
       Broad axe         |       |       |   128 ||   128
  Use: Scroll            |     2 |     1 |     5 ||     8
       Potion            |       |     5 |       ||     5
Armor: Scale mail        |    60 |       |       ||    60
       Chain mail        |    28 |   153 |   117 ||   298
Dodge: Dodged            |    45 |    64 |    55 ||   164
Block: Buckler           |    28 |    38 |    40 ||   106

Table legend: (Time is in decaauts)
 A = Elapsed time spent in this place.
 B = Non-inter-level travel time spent in this place.
 C = Inter-level travel time spent in this place.
 D = Time resting spent in this place.
 E = Time spent auto-exploring this place.
 F = Levels seen in this place.
 G = Mean time per level.
                   A        B        C        D        E       F      G
               +--------+--------+--------+--------+--------+-----+--------+
         Total |   5367 |   5301 |     66 |    328 |   3431 |   6 |  894.5 |
       Dungeon |   5367 |   5301 |     66 |    328 |   3431 |   6 |  894.5 |
               +--------+--------+--------+--------+--------+-----+--------+

Top non-repeatable levels by time:
     D:2: 1335 daAuts
     D:5: 1090 daAuts
     D:1: 1053 daAuts
     D:4: 947 daAuts
     D:3: 880 daAuts
     D:6: 58 daAuts
